 Dungeon Crawl Stone Soup version 0.32-a0-131-g9dbbe29261 (webtiles) character file.

Game seed: 4255577133113182713

132 zeratav the Sneak (level 5, -2/36 HPs)
             Began as an Octopode Shapeshifter on Feb 8, 2024.
             Slain by an orc priest
             ... wielding a +0 flail
              (4 damage)
             ... on level 3 of the Dungeon.
             The game lasted 00:01:51 (1899 turns).

zeratav the Sneak (Octopode Shapeshifter)           Turns: 1899, Time: 00:01:51

Health: -2/36      AC:  1    Str: 16    XL:     5   Next: 15%
Magic:  5/5        EV: 13    Int: 18    God:
Gold:   57         SH:  0    Dex: 11    Spells: 4/4 levels left

rFire   . .          .
                       - Unarmed
rCold   . . .        (no shield)
rNeg    . . .        (helmet currently unavailable)
rPois   .            (no amulet)
rElec   .            i - +6 ring of intelligence
rCorr   .            (no ring)
SInv    .            (no ring)
Will    .....        (no ring)
Stlth   ++++         (no ring)
HPRegen 0.26/turn    (no ring)
MPRegen 0.09/turn    (no ring)
                     (no ring)

%: no passive effects
@: beast-form
A: beast (slay +1), almost no armour, amphibious, 8 rings, camouflage 1,
gelatinous body 1, (nimble swimmer 1), tentacles
a: Begin Untransformation


You were on level 3 of the Dungeon.
You were a hulking beast.
You visited 1 branch of the dungeon, and saw 3 of its levels.

You collected 57 gold pieces.


Innate Abilities, Weirdness & Mutations

You are a hulking beast.
Your limbs bulge with bestial killing power. (Slay +1)
You cannot wear most types of armour.
You are amphibious.
You can wear up to eight rings at the same time.
Your skin changes colour to match your surroundings (Stealth+).
Your rubbery body absorbs attacks. (AC +1, EV +1)
((You are camouflaged when in or above water. (Stealth+)))
You have tentacles for arms and can constrict up to eight enemies at once.


   Skills:
 + Level 3.2 Fighting
 - Level 2.0 Dodging
 - Level 5.0 Stealth
 - Level 3.0 Unarmed Combat
 - Level 3.0 Shapeshifting


You had 4 spell levels left.
You didn't know any spells.
Your spell library was empty.

Inventory:

Missiles
 e - 11 poisoned darts (quivered) {throwing}
Jewellery
 i - a +6 ring of intelligence (left tentacle)
   (You found it on level 2 of the Dungeon)
Talismans
 b - a beast talisman
 c - a flux talisman
Scrolls
 d - a scroll of immolation {unknown}
 f - a scroll of torment {unknown}
 g - 4 scrolls of teleportation {unknown}
 h - a scroll of vulnerability {unknown}
Potions
 a - a potion of lignification {!q}

Dungeon Overview and Level Annotations

Branches:
Dungeon (3/15) Zot: 16106

Altars:
Fedhas

..#...# #.........#
#.#...###........#
......##........#+
#.#...'†..#+#...# .. ...
......##### ##..# #.. ..#
#.....# ##)# #.#... ##.##.#
#.# #.#.## ##+...#
#######'######..... # .#..
.......[ho.....+####### #
.#####..#.#######+#.........
. .. # .................. .
.. ######............ .
#...o......... ..
#.......(.....
#..............
#....o...J.....
#..............


You could see an orc priest.


Message History

The hobgoblin barely misses you.
You tentacle-slap the hobgoblin but do no damage.
You constrict the hobgoblin. The hobgoblin hits you.
HP[-1]
You take 1 damage, and now have 35/36 hp.
You tentacle-slap the hobgoblin. You squeeze the hobgoblin.
You kill the hobgoblin!
No target in view!
No target in view!
No target in view!
No target in view!
No target in view!
No target in view!
No target in view!
No target in view!
Things that are here:
a hobgoblin corpse; a quokka corpse You tentacle-slap the endoplasm but do no damage.
The endoplasm barely misses you.
HP[+1]
Your hp is fully restored (36).
You tentacle-slap the endoplasm. The endoplasm hits you.
HP[-3]
You take 3 damage, and now have 33/36 hp.
You tentacle-slap the endoplasm.
You kill the endoplasm!
You hear the slow rusting of a very distant drain.
HP[+1]
A kobold comes into view. It is wielding a +0 dagger.
The kobold throws a stone.
The stone closely misses you.
The kobold throws a stone.
The stone barely misses you.
The kobold throws a stone.
The stone hits you.
You tentacle-slap the kobold.
You kill the kobold!
Things that are here:
a +0 dagger {short}; 3 stones {throwing} HP[+1]
There is an open door here.
You see here a +0 pair of gloves.
HP[+1]
Your hp is fully restored (36).
You open the door.
There is an open door here.
An orc comes into view. It is wielding a +0 hand axe.
The orc shouts!
You hear a shout!
An orc priest comes into view. It is wielding a +0 flail.
An orc wizard comes into view.
It is wielding a +1 dagger of protection.
An endoplasm and an orc wizard come into view.
The orc wizard is wielding a +0 dagger of holy wrath.
There is an open door here.
The orc priest mumbles some strange prayers to Beogh against you.
Beogh smites you!
HP[-13]
You take 13 damage, and now have 23/36 hp.
MASSIVE DAMAGE!! (PAUSE)
You close the door.
HP[+1]
There is an open door here.
You start resting.
An orc is nearby!
HP[+1]
The orc barely misses you.
There is an open door here.
You tentacle-slap the orc. Your grab misses the orc.
You squeeze the orc, but do no damage. The orc hits you with a +0 hand axe.
The orc priest calls upon Beogh to heal the orc.
The orc's wounds heal themselves!
HP[-4]
You take 4 damage, and now have 21/36 hp.
You tentacle-slap the orc but do no damage.
Your grab misses the orc. The orc hits you with a +0 hand axe.
HP[-2]
You take 2 damage, and now have 19/36 hp.
You barely miss the orc. You grab the orc. You constrict the orc.
The orc barely misses you.
You tentacle-slap the orc.
You kill the orc!
The orc priest invokes the aid of Beogh against you.
You barely resist.
The orc priest hits you with a +0 flail!
* * * LOW HITPOINT WARNING * * *
Things that are here:
a +0 hand axe {axe}; a +0 scale mail; HP[-8]
You take 8 damage, and now have 11/36 hp.
MASSIVE DAMAGE!! (PAUSE)
You are too injured to fight recklessly!
You tentacle-slap the orc priest but do no damage.
You grab the orc priest.
You constrict the orc priest, but do no damage.
The orc priest mumbles some strange prayers to Beogh against you.
Pain shoots through your body!
* * * LOW HITPOINT WARNING * * *
HP[-9]
You take 9 damage, and now have 2/36 hp.
MASSIVE DAMAGE!! (PAUSE)
You tentacle-slap the orc priest.
You squeeze the orc priest, but do no damage.
You constrict the orc priest.
The orc priest hits you with a +0 flail.
You die...

Skill      XL: |  1  2  3  4  5 |
---------------+----------------+-----
Stealth        | 2 3 5 |  5.0
Fighting       | 2 3 |  3.2
Dodging        | |  2.0
Unarmed Combat | |  3.0
Shapeshifting  | |  3.0

Action                     |  1- 3 |  4- 6 || total
---------------------------+-------+-------++-------
  Melee: Unarmed           |    52 |    43 ||    95
         Constrict         |    15 |    15 ||    30
         Tentacles         |    10 |    14 ||    24
         Punch             |     1 |     1 ||     2
   Stab: Sleeping          |     9 |     3 ||    12
 Armour: Skin              |    13 |    18 ||    31
  Dodge: Dodged            |    22 |    17 ||    39

Levels and vault maps discovered:
D:1:      tarquinn_simple_flora_water_c, layout_loops_corners,
          serial_bayou_lagoon_a
D:2:      layout_basic, basic_altar, uniq_jessica
D:3:      kennysheep_the_goblin_king, layout_basic, gup_sewer_entry_spiral,
          minmay_pentangle

Notes
Turn   | Place    | Note
-------+----------+-------------------------------------------
     0 | D:1      | zeratav the Octopode Shapeshifter began the quest for the
                  | Orb.
     0 | D:1      | Reached XP level 1. HP: 13/13 MP: 1/1
     0 | D:1      | magus.rc [v1.9.6]
    34 | D:1      | Reached skill level 1 in Stealth
    80 | D:1      | Reached skill level 2 in Stealth
   121 | D:1      | Reached XP level 2. HP: 18/18 MP: 2/2
   216 | D:1      | Reached skill level 3 in Stealth
   465 | D:1      | Reached XP level 3. HP: 23/23 MP: 3/3
   486 | D:1      | Reached skill level 4 in Stealth
   914 | D:2      | Found a blossoming altar of Fedhas.
  1145 | D:2      | Reached skill level 5 in Stealth
  1145 | D:2      | Reached XP level 4. HP: 28/28 MP: 4/4
  1268 | D:2      | Noticed Jessica
  1271 | D:2      | Killed Jessica
  1272 | D:2      | Reached skill level 2 in Fighting
  1460 | D:2      | Reached XP level 5. HP: 35/36 MP: 5/5
  1819 | D:3      | Reached skill level 3 in Fighting
  1898 | D:3      | HP: 2/36 [orc priest/nerve-wracking pain (9)]
  1899 | D:3      | Slain by an orc priest

Vanquished Creatures
  Jessica (D:2)
  4 adders (D:2)
  A gnoll (D:1)
  3 dart slugs
  A ribbon worm (D:2)
  An orc (D:3)
  4 endoplasms
  2 giant cockroaches (D:3)
  2 goblins (D:1)
  5 hobgoblins
  5 jackals (D:1)
  2 quokkas
  7 ball pythons
  4 bats
  A frilled lizard (D:1)
  5 kobolds
  5 rats
53 creatures vanquished.

Table legend:
 A = Non-vault XP
 B = Vault XP
 C = Vault XP percentage of total XP
 D = Non-vault monster count
 E = Vault monster count
 F = Vault count percentage of total count
                 A         B        C        D         E       F
            +---------+---------+-------+---------+---------+-------
      Total |     152 |      37 |  19.6 |      52 |       1 |   1.9
            +---------+---------+-------+---------+---------+-------
        D:1 |      57 |       0 |   0.0 |      27 |       0 |   0.0
        D:2 |      75 |      37 |  33.0 |      16 |       1 |   5.9
        D:3 |      20 |       0 |   0.0 |       9 |       0 |   0.0
            +---------+---------+-------+---------+---------+-------

Skill      XL: |  1  2  3  4  5 |
---------------+----------------+-----
Stealth        | 2 3 5 |  5.0
Fighting       | 2 3 |  3.2
Dodging        | |  2.0
Unarmed Combat | |  3.0
Shapeshifting  | |  3.0

Action                     |  1- 3 |  4- 6 || total
---------------------------+-------+-------++-------
  Melee: Unarmed           |    52 |    43 ||    95
         Constrict         |    15 |    15 ||    30
         Tentacles         |    10 |    14 ||    24
         Punch             |     1 |     1 ||     2
   Stab: Sleeping          |     9 |     3 ||    12
 Armour: Skin              |    13 |    18 ||    31
  Dodge: Dodged            |    22 |    17 ||    39

Illustrated notes

Table legend:
 A = Kills in this place as a percentage of kills in the entire game.
 B = Kills by you in this place as a percentage of kills by you in the entire game.
 C = Kills by friends in this place as a percentage of kills by friends in the entire game.
 D = Other kills in this place as a percentage of other kills in the entire game.
 E = Experience gained in this place as a percentage of experience gained in the entire game.
 F = Experience gained in this place divided by the number of levels of this place that you have seen.
                   A       B       C       D       E      F
               +-------+-------+-------+-------+-------+----------------------
         Total | 100.0 | 100.0 |   N/A |   N/A | 100.0 |  63.0
       Dungeon | 100.0 | 100.0 |   N/A |   N/A | 100.0 |  63.0
               +-------+-------+-------+-------+-------+----------------------

Table legend: (Time is in decaauts)
 A = Elapsed time spent in this place.
 B = Non-inter-level travel time spent in this place.
 C = Inter-level travel time spent in this place.
 D = Time resting spent in this place.
 E = Time spent auto-exploring this place.
 F = Levels seen in this place.
 G = Mean time per level.
                   A        B        C        D        E       F      G
               +--------+--------+--------+--------+--------+-----+--------+
         Total |   1892 |   1871 |     21 |      5 |   1542 |   3 |  630.7 |
       Dungeon |   1892 |   1871 |     21 |      5 |   1542 |   3 |  630.7 |
               +--------+--------+--------+--------+--------+-----+--------+

Top non-repeatable levels by time:
     D:1: 910 daAuts
     D:2: 889 daAuts
     D:3: 92 daAuts
